 Dungeon Crawl Stone Soup version 0.29.0-11-gd7f09526c8 (webtiles) character file.

Game seed: 8446773222058927828

106 browni3141 the Sneak (level 4, -2/33 HPs)
             Began as a Spriggan Transmuter on Sept 5, 2022.
             Slain by an orc wizard
             ... wielding a +1 dagger of electrocution
              (17 damage)
             ... on level 3 of the Dungeon.
             The game lasted 00:04:02 (2620 turns).

browni3141 the Sneak (Spriggan Transmuter)          Turns: 2620, Time: 00:04:03

Health: -2/33      AC: 22    Str:  6    XL:     4   Next: 55%
Magic:  9/9        EV:  4    Int: 14    God:
Gold:   36         SH:  0    Dex: 17    Spells: 7/8 levels left

rFire   . . .      SeeInvis +   a - +0 sling
rCold   . . .      Faith    .   (no shield)
rNeg    . . .      Spirit   .   (body armour currently unavailable)
rPois   +          Reflect  .   (helmet currently unavailable)
rElec   .          Harm     .   (cloak currently unavailable)
rCorr   .          Rampage  .   (gloves unavailable)
Will    .....      NoTele   +   (boots unavailable)
Stlth   +++.......              (no amulet)
HPRegen 0.11/turn               (no ring)
MPRegen 0.11/turn               (no ring)

@: tree-form
A: stationary, stasis, torment immunity, boosted hp, very small, no large
weapons, unfitting armour, see invisible, (speed 3)
a: no special abilities


You were on level 3 of the Dungeon.
You were a tree.
You visited 1 branch of the dungeon, and saw 3 of its levels.

You collected 36 gold pieces.


Innate Abilities, Weirdness & Mutations

You are a tree.
Your roots penetrate the ground, keeping you stationary.
You cannot be teleported.
You are immune to unholy pain and torment.
Your maximum health is greatly increased.
Your equipment is partially melded.
You are very small and have problems with some larger weapons.
You are too small for most types of armour.
You have supernaturally acute eyesight. (SInv)
((You cover ground extremely quickly. (Speed+++)))


   Skills:
 - Level 1.1 Fighting
 * Level 2.2 Ranged Weapons
 - Level 3.0 Dodging
 - Level 5.0 Stealth
 - Level 2.4 Unarmed Combat
 - Level 2.6 Spellcasting
 - Level 2.6 Transmutations


You had 7 spell levels left.
You knew the following spells:

 Your Spells              Type           Power      Damage    Failure   Level
e - Beastly Appendage     Tmut           18%        N/A       8%          1

Your spell library contained the following spells:

 Spells                   Type           Power      Damage    Failure   Level
 Wereblood                Tmut           9%         N/A       11%         2
 Spider Form              Tmut/Pois      5%         N/A       36%         3
 Ice Form                 Ice/Tmut       5%         N/A       77%         4

Inventory:

Hand Weapons
 a - a +0 sling (weapon)
Armour
 n - a +0 robe (melded)
Magical Staves
 e - a staff of cold
Jewellery
 G - an amulet of guardian spirit
Scrolls
 c - 2 scrolls of poison {unknown}
 d - 2 scrolls of noise {unknown}
 g - a scroll of enchant armour {unknown}
 i - 6 scrolls of identify {unknown}
 j - a scroll of magic mapping {unknown}
 m - 2 scrolls of enchant weapon {unknown}
Potions
 f - a potion of heal wounds {unknown}
 h - a potion of magic {unknown}
 k - 2 potions of degeneration {unknown}
 l - 2 potions of flight {unknown}
 o - a potion of attraction {unknown}
 p - a potion of berserk rage {unknown}

Dungeon Overview and Level Annotations

Branches:
Dungeon (3/15)

Altars:

#......###
#....###.####
########
...### #....#
.# #..### ##.#
#.#### #o..o#
# #.##)#
#####.######.#
.#
....#.#♣ooo..#
o#
#####.########
o. # #. .. #.


You could see an orc wizard (invisible) and 2 orcs.


Message History

The floor.
You feel less confused.
You shoot a sling bullet. The sling bullet hits the orc wizard.
The orc wizard is moderately wounded.
The orc wizard points at you and mumbles some strange words.
The magic dart hits you!
* * * LOW HITPOINT WARNING * * *
Really quaff
b - a potion of lignification {!q}?
Really quaff the potion of lignification?
You turn into a tree.
Your +0 robe melds into your body.
Your roots penetrate the ground.
Unknown command.
You are too injured to fight recklessly!
Unknown command.
Fire: a) +0 sling
Press: ? - help, Q - select action, (/) - cycle Shift-Dir - straight line, f/p - orc wizard
Aim: an orc wizard, wielding a +1 dagger of electrocution and wearing a +0 robe (moderately wounded, slightly transparent, 50% to hit)
You shoot a sling bullet. The sling bullet hits the orc wizard.
The orc wizard is severely wounded.
The orc wizard hits you but does no damage. x2
Fire: a) +0 sling
Press: ? - help, Q - select action, (/) - cycle Shift-Dir - straight line, f/p - orc wizard
Aim: an orc wizard, wielding a +1 dagger of electrocution and wearing a +0 robe (severely wounded, slightly transparent, 50% to hit)
You shoot a sling bullet.
The sling bullet hits the orc wizard but does no damage.
The orc wizard is severely wounded.
The orc wizard hits you but does no damage.
You are electrocuted!
Ouch! That really hurt!
You die...

Skill      XL: |  1  2  3  4 |
---------------+-------------+-----
Dodging        | 3 |  3.0
Fighting       | 1 |  1.1
Stealth        | 1 3 4 5 |  5.0
Ranged Weapons | 1 2 |  2.2
Unarmed Combat | |  2.4
Spellcasting   | |  2.6
Transmutations | |  2.6

Action                   |  1- 3 |  4- 6 || total
-------------------------+-------+-------++-------
Melee: Unarmed           |    76 |       ||    76
       Kick              |    16 |       ||    16
       Headbutt          |    12 |       ||    12
       Punch             |     2 |       ||     2
 Fire: Sling             |    60 |    32 ||    92
 Cast: Beastly Appendage |    18 |       ||    18
  Use: Potion            |       |     1 ||     1
 Stab: Sleeping          |     5 |       ||     5
Armor: Robe              |    10 |     1 ||    11
       Skin              |       |     3 ||     3
Dodge: Dodged            |    65 |     9 ||    74

Levels and vault maps discovered:
D:1:      sevenhm_arrival_forest_fort_large_1, layout_basic,
          chequers_serial_rivers_small_b, st_stairs_13,
          chequers_serial_rivers_micro_b, minmay_stone_trees_medium,
          corner_web_ring, grunt_decor_resistance
D:2:      layout_basic, minmay_tripent
D:3:      layout_rooms, elyvilon_altar_1, nzn_hepliaklqana_mist_gate,
          shapermc_ecumenical_altar_mp_ritualfount, serial_co_window_serial,
          co_window_cross_1, co_window_paths_a, co_window_paths_a,
          co_window_paths_a, co_window_of_opportunity_a, co_window_corner_a,
          co_window_paths_b, co_window_corner_b, co_window_broadway_a,
          co_window_corner_ca, co_window_4corner_b, glass_columns_c,
          glass_columns_a, glass_columns_b

Notes
Turn   | Place    | Note
-------+----------+-------------------------------------------
     0 | D:1      | browni3141 the Spriggan Transmuter began the quest for the
                  | Orb.
     0 | D:1      | Reached XP level 1. HP: 9/9 MP: 5/5
    58 | D:1      | Reached skill level 3 in Dodging
   124 | D:1      | Reached skill level 1 in Fighting
   377 | D:1      | Reached skill level 1 in Stealth
   434 | D:1      | Reached XP level 2. HP: 6/14 MP: 4/6
   680 | D:1      | Reached skill level 2 in Stealth
  1307 | D:1      | Reached skill level 3 in Stealth
  1744 | D:2      | Reached XP level 3. HP: 14/18 MP: 8/8
  1874 | D:2      | Reached skill level 4 in Stealth
  2010 | D:2      | Reached skill level 1 in Ranged Weapons
  2210 | D:2      | Reached XP level 4. HP: 22/22 MP: 9/9
  2478 | D:3      | Found a faded altar of an unknown god.
  2600 | D:3      | Reached skill level 2 in Ranged Weapons
  2600 | D:3      | Reached skill level 5 in Stealth
  2620 | D:3      | Slain by an orc wizard

Vanquished Creatures
  2 adders
  3 worms (D:2)
  2 dart slugs (D:2)
  An orc (D:3)
  3 ball pythons
  3 endoplasms
  3 giant cockroaches
  6 goblins
  6 hobgoblins
  3 kobolds (D:2)
  2 quokkas
  6 bats
  2 frilled lizards (D:1)
  9 rats
51 creatures vanquished.

Vanquished Creatures (others)
  An orc wizard (D:3)
1 creature vanquished.

Grand Total: 52 creatures vanquished

Table legend: (Time is in decaauts)
 A = Elapsed time spent in this place.
 B = Non-inter-level travel time spent in this place.
 C = Inter-level travel time spent in this place.
 D = Time resting spent in this place.
 E = Time spent auto-exploring this place.
 F = Levels seen in this place.
 G = Mean time per level.
                   A        B        C        D        E       F      G
               +--------+--------+--------+--------+--------+-----+--------+
         Total |   1932 |   1901 |     31 |     23 |   1435 |   3 |  644.0 |
       Dungeon |   1932 |   1901 |     31 |     23 |   1435 |   3 |  644.0 |
               +--------+--------+--------+--------+--------+-----+--------+

Top non-repeatable levels by time:
     D:1: 1210 daAuts
     D:2: 560 daAuts
     D:3: 161 daAuts

Table legend:
 A = Non-vault XP
 B = Vault XP
 C = Vault XP percentage of total XP
 D = Non-vault monster count
 E = Vault monster count
 F = Vault count percentage of total count
                 A         B        C        D         E       F
            +---------+---------+-------+---------+---------+-------
      Total |     141 |      11 |   7.2 |      46 |       6 |  11.5
            +---------+---------+-------+---------+---------+-------
        D:1 |      26 |       5 |  16.1 |      17 |       4 |  19.0
        D:2 |      65 |       6 |   8.5 |      25 |       2 |   7.4
        D:3 |      50 |       0 |   0.0 |       4 |       0 |   0.0
            +---------+---------+-------+---------+---------+-------
